 Dungeon Crawl Stone Soup version 0.32-a0-391-gce5c0aab1b (webtiles) character file.

Game seed: 18170585283609348718

231268 ytrimaz the Tortoise (level 19, -7/161 HPs)
             Began as a Coglin Gladiator on Feb 20, 2024.
             Was the Champion of Okawaru.
             Mangled by a merfolk
             ... wielding a +0 trident
             ... led by a merfolk javelineer
              (13 damage)
             ... on level 4 of the Shoals.
             The game lasted 00:52:48 (30538 turns).

ytrimaz the Tortoise (Coglin Gladiator)            Turns: 30538, Time: 00:52:49

Health: -7/161     AC: 36    Str: 20    XL:     19   Next: 89%
Magic:  24/24      EV: 13    Int: 13    God:    Okawaru [******]
Gold:   3035       SH:  0    Dex: 23    Spells: 18/18 levels left

rFire   + + .        F - +10 morningstar "Eos" {elec, Halo rElec}
rCold   + + +        h - +7 flail "Garch" {flame, Will++}
rNeg    + . .        g - +8 chain mail of Pessimism {^Drain rElec Will+ Stlth+}
rPois   +            c - +1 helmet "Rerat" {rPois}
rElec   +            j - scarf {rC+ rF+}
rCorr   .            T - +2 pair of gloves {Dex+3}
SInv    +            s - +1 pair of boots of the Hot Ocelot {rF+ Int+4}
Will    +++++        y - amulet "Soben" {rPois Will+ Regen+ Str-3 Dex+3} Stlth
                     C - ring "Umigodai" {Fly rElec rC++ Str+3 SInv}
HPRegen 1.26/turn    u - ring "Cull" {rElec rN+ AC+4}
MPRegen 0.19/turn

%: no passive effects
@: flying, glowing, revving
A: off-hand wielding, slow wielding, warmup strikes, warmup strides
a: Renounce Religion, Heroism, Finesse, Duel


You were on level 4 of the Shoals.
You worshipped Okawaru.
Okawaru was exalted by your worship.
You visited 6 branches of the dungeon, and saw 30 of its levels.
You also visited: Bailey.

You collected 5964 gold pieces.
You spent 2929 gold pieces at shops.


Innate Abilities, Weirdness & Mutations

You can wield a second weapon in your off-hand.
It takes a long time for you to wield or remove held weapons.
Your first few attacks do less damage.
Your first movements take longer.


   Skills:
 - Level 17.0 Fighting
 - Level 7.0(13.5) Axes
 * Level 16.5(16.9) Maces & Flails
 + Level 3.0 Throwing
 + Level 18.2 Armour
 - Level 6.4 Dodging
 - Level 7.0 Invocations
 - Level 11.0 Evocations


You had 18 spell levels left.
You didn't know any spells.
Your spell library contained the following spells:

 Spells                   Type           Power      Damage    Failure   Level
 Apportation              Tloc           0%         N/A       75%         1
 Kiss of Death            Conj/Necr      0%         2d5       75%         1
 Magic Dart               Conj           0%         1d3       75%         1
 Necrotise                Necr           0%         1d4       75%         1
 Sting                    Conj/Alch      0%         1d3       75%         1
 Ensorcelled Hibernation  Hex/Ice        0%         N/A       86%         2
 Lesser Beckoning         Tloc           0%         N/A       86%         2
 Mercury Vapours          Alch/Air       0%         N/A       86%         2
 Searing Ray              Conj           0%         2d4       86%         2
 Static Discharge         Conj/Air       0%         3-3/arc   86%         2
 Confusing Touch          Hex            0%         N/A       98%         3
 Frozen Ramparts          Ice            0%         1d1       98%         3
 Gell's Gravitas          Tloc           0%         N/A       98%         3
 Hailstorm                Conj/Ice       0%         3d5       98%         3
 Inner Flame              Hex/Fire       0%         N/A       98%         3
 Mephitic Cloud           Conj/Alch/Air  0%         N/A       98%         3
 Passwall                 Erth           0%         N/A       98%         3
 Stone Arrow              Conj/Erth      0%         3d7       98%         3
 Swiftness                Air            0%         N/A       98%         3
 Teleport Other           Tloc           0%         N/A       98%         3
 Volatile Blastmotes      Fire/Tloc      0%         2d10      98%         3
 Airstrike                Air            0%         2d(0-16)  100%        4
 Dispel Undead            Necr           0%         3d6       100%        4
 Fulminant Prism          Conj/Alch      0%         3d5       100%        4
 Iskenderun's Mystic Bla  Conj/Tloc      0%         2d3       100%        4
 Leda's Liquefaction      Alch/Erth      0%         N/A       100%        4
 Manifold Assault         Tloc           0%         N/A       100%        4
 Olgreb's Toxic Radiance  Alch           0%         N/A       100%        4
 Passage of Golubria      Tloc           0%         N/A       100%        4
 Petrify                  Alch/Erth      0%         N/A       100%        4
 Vhi's Electric Charge    Tloc/Air       0%         N/A       100%        4
 Arcjolt                  Conj/Air       0%         1d10      100%        5
 Freezing Cloud           Conj/Ice/Air   0%         6-21      100%        5
 Irradiate                Conj/Alch      0%         3d11      100%        5
 Metabolic Englaciation   Hex/Ice        0%         N/A       100%        5
 Silence                  Hex/Air        0%         N/A       100%        5
 Dispersal                Tloc           0%         N/A       100%        6
 Orb of Destruction       Conj           0%         9d5       100%        7
 Ozocubu's Refrigeration  Ice            0%         4d7       100%        7
 Borgnjor's Revivificati  Necr           0%         N/A       100%        8
 Disjunction              Tloc           0%         N/A       100%        8
 Ignition                 Fire           0%         3d3       100%        8
 Lehudib's Crystal Spear  Conj/Erth      0%         10d2      100%        8
 Maxwell's Capacitive Co  Air            0%         ∞         100%        8
 Chain Lightning          Conj/Air       0%         N/A       100%        9
 Death's Door             Necr           0%         N/A       100%        9
 Polar Vortex             Ice            0%         N/A       100%        9
 Summon Small Mammal      Summ           Unusable   N/A       N/A         1
 Summon Ice Beast         Ice/Summ       Unusable   N/A       N/A         3
 Animate Armour           Summ/Erth      Unusable   N/A       N/A         4
 Summon Blazeheart Golem  Fire/Summ      Unusable   N/A       N/A         4
 Summon Lightning Spire   Summ/Air       Unusable   N/A       N/A         4
 Summon Forest            Summ/Tloc      Unusable   N/A       N/A         5
 Sculpt Simulacrum        Ice/Alch       Unusable   N/A       N/A         6
 Haunt                    Necr/Summ      Unusable   N/A       N/A         7
 Spellforged Servitor     Conj/Summ      Unusable   N/A       N/A         7

Inventory:

Hand Weapons
 h - the +7 flail "Garch" (worn) {flame, Will++}
   (You found it on level 3 of the Dungeon)

   Will++:    It greatly increases your willpower.
 F - the +10 morningstar "Eos" (weapon) {elec, Halo rElec}
   (You acquired it on level 7 of the Dungeon)

   Halo:      It grants its wielder a halo, revealing invisible creatures and
   increasing accuracy against all within it other than the wielder.
   rElec:     It insulates you from electricity.
 V - a +9 eveningstar of holy wrath {Lan}
   (You subdued it on level 2 of the Elven Halls)
Missiles
 e - 32 javelins
 n - 8 silver javelins
 v - a throwing net
Armour
 c - the +1 helmet "Rerat" (worn) {rPois}
   (You found it on level 3 of the Elven Halls)

   rPois:     It protects you from poison
 g - the +8 chain mail of Pessimism (worn) {^Drain rElec Will+ Stlth+}
   (Okawaru gifted it to you on level 12 of the Dungeon)

   rElec:     It insulates you from electricity.
   Will+:     It increases your willpower.
   ^Drain:    It drains your maximum health when unequipped.
   Stlth+:    It makes you more stealthy.
 j - a scarf of resistance (worn)
   (You found it on level 10 of the Dungeon)
 s - the +1 pair of boots of the Hot Ocelot (worn) {rF+ Int+4}
   (You found it on level 1 of the Elven Halls)

   Int+4:     It affects your intelligence (+4).
   rF+:       It protects you from fire.
 T - a +2 pair of gloves of dexterity (worn)
   (You found it on level 11 of the Dungeon)
Jewellery
 b - a ring of protection from fire
   (You found it on level 6 of the Dungeon)
 t - a ring of protection from cold
   (You found it on level 1 of the Shoals)
 u - the ring "Cull" (right grasper) {rElec rN+ AC+4}
   (You bought it in a shop on level 6 of the Dungeon)

   [ring of protection]

   AC+4:      It affects your AC (+4).
   rElec:     It insulates you from electricity.
   rN+:       It protects you from negative energy.
 y - the amulet "Soben" (around neck) {rPois Will+ Regen+ Str-3 Dex+3}
   (You found it on level 7 of the Dungeon)

   [amulet of regeneration]

   Str-3:     It affects your strength (-3).
   Dex+3:     It affects your dexterity (+3).
   rPois:     It protects you from poison Will+: It increases your willpower.
   Regen+:    It increases your rate of health regeneration.
 C - the ring "Umigodai" (left grasper) {Fly rElec rC++ Str+3 SInv}
   (You bought it in a shop on level 2 of the Shoals)

   [ring of flight]

   Str+3:     It affects your strength (+3).
   rC++:      It greatly protects you from cold.
   rElec:     It insulates you from electricity.
   SInv:      It lets you see invisible.
   Fly:       It grants you flight.
 I - a ring of poison resistance
   (You found it on level 2 of the Shoals)
Wands
 a - a wand of iceblast (5)
   (You took it off a deep elf zephyrmancer on level 3 of the Elven Halls)
 d - a wand of digging (10)
   (You found it on level 3 of the Elven Halls)
 E - a wand of flame (23)
   (You found it on level 11 of the Dungeon)
 L - a wand of polymorph (4) (quivered)
   (You found it on level 11 of the Dungeon)
 R - a wand of mindburst (8)
   (You found it on level 3 of the Elven Halls)
Scrolls
 i - 5 scrolls of amnesia
 m - 6 scrolls of enchant armour
 p - 14 scrolls of identify
 q - 2 scrolls of brand weapon
 z - 6 scrolls of poison
 D - 9 scrolls of noise
 H - 6 scrolls of enchant weapon
 J - 5 scrolls of vulnerability
 N - a scroll of fear
 O - 7 scrolls of revelation
 S - a scroll of immolation
 Z - a scroll of silence
Potions
 f - 6 potions of attraction
 l - 3 potions of berserk rage
 o - 3 potions of cancellation
 r - 12 potions of curing
 w - a potion of heal wounds
 x - 3 potions of enlightenment
 A - 7 potions of mutation
 B - 5 potions of brilliance
 G - 8 potions of might
 K - a potion of magic
 M - a potion of ambrosia
 P - 3 potions of haste
 Q - 8 potions of lignification

Dungeon Overview and Level Annotations

Branches:
Dungeon (15/15) Zot: 24642  Temple (1/1) D:7 Zot: 5962    Lair (5/5) D:8 Zot: 24800
 Shoals (4/4) Lair:2 Zot: 20437  Spider (0/4) Lair:3        Slime (0/5) Lair:4
    Orc (2/2) D:11 Zot: 10840     Elf (3/3) Orc:2 Zot: 13154  Vaults (0/5) D:14
 Depths (0/4) D:15         Bailey (visited)

Altars:
Ashenzari
Cheibriados
Dithmenos
Elyvilon
Fedhas
Gozag
Hepliaklqana
Kikubaaqudgha
Makhleb
Nemelex Xobeh
Okawaru
Qazlal
Ru
Sif Muna
Trog
Uskayaw
Vehumet
Wu Jian
Xom
Yredelemnul
Zin
The Shining One
Beogh
Jiyva

Shops:
D:6 =   D:7 ?   D:9 (   Orc:2 *!(![   Elf:1 :   Shoals:1 !   Shoals:2 =
Shoals:3 [

Portals:
Abyss: Lair:3

Annotations:
D:2 1 runed translucent door, Crazy Yiuf
Lair:3 Strat's ghost, journeyman GnCK

~~~~~##...#)~.~# ..
~~~~~m†...)###...# ...
≈≈≈≈≈≈≈##.~..###... ## ...
≈≈≈≈≈≈≈≈≈##c...#.#. .##...~
≈≈≈≈≈≈≈≈≈≈≈###...###...#.#
≈≈≈≈≈≈≈≈≈≈≈≈≈###.........#
≈≈≈≈≈≈≈≈≈≈≈≈≈≈≈###..~.#
≈≈≈≈≈≈≈≈≈≈≈≈≈≈≈m≈#..###≈≈≈
≈≈≈≈≈≈≈≈≈≈≈≈≈≈≈m@≈≈≈≈≈≈≈≈≈≈
≈≈≈≈≈≈≈≈≈≈≈≈≈≈≈≈≈≈≈≈≈≈≈≈≈≈≈
≈≈≈≈≈≈≈≈≈≈≈≈≈≈≈≈≈≈≈≈≈≈≈≈≈≈≈
≈≈≈≈≈≈≈≈≈≈≈≈≈≈≈≈≈≈≈≈≈≈≈≈≈≈≈
≈≈≈≈≈≈≈≈≈≈≈≈≈≈≈≈≈≈≈≈≈≈≈≈≈≈≈
###########################
###########################
##########################


You could see 2 merfolk.


Message History

The faun shoots a sling bullet.
The sling bullet hits you but does no damage.
The satyr plays a frightful melody on its pipes!
The satyr radiates an aura of fear!
You easily resist.
You hear a shout!
Items here: $ ( )))) [ †††. 😱 HP[-8]
You take 8 damage, and now have 23/161 hp.
Unknown command.
Blink to where?
Press: ? - help, Dir - move target
As you read the scroll of blinking, it crumbles to dust. 😱 HP[+1] 😱 HP[+3]
You regained 3 hp, and now have 27/161 hp. 😱 HP[+1] 😱 HP[+2]
You regained 2 hp, and now have 30/161 hp. 😱 HP[+1] 😱 HP[+1]
You feel like a meek peon again.
The merfolk javelineer throws a javelin.
The javelin pierces through you!
* * * LOW HITPOINT WARNING * * *
😱 HP[-6]
You take 6 damage, and now have 26/161 hp. 😱 HP[+2]
You regained 2 hp, and now have 28/161 hp.
The merfolk javelineer throws a javelin.
The javelin barely misses you. 😱 HP[+1] 😱 HP[+1] 😱 HP[+1]
You feel your willpower return. 😱 HP[+2]
You regained 2 hp, and now have 33/161 hp.
You start resting.
The merfolk javelineer throws a javelin.
The javelin pierces through you!
* * * LOW HITPOINT WARNING * * *
😱 HP[-10]
You take 10 damage, and now have 23/161 hp. 😱 HP[+1]
There are monsters nearby!
The merfolk javelineer throws a javelin.
The javelin pierces through you.
* * * LOW HITPOINT WARNING * * *
A merfolk comes into view. It is wielding a +0 trident. 😱 HP[-3]
You take 3 damage, and now have 21/161 hp.
The merfolk shouts!
The merfolk hits you with a +0 trident!
* * * LOW HITPOINT WARNING * * *
The merfolk throws a boomerang.
The boomerang hits you but does no damage.
The merfolk throws a boomerang.
The boomerang hits you but does no damage.
The merfolk javelineer throws a javelin.
The javelin pierces through you but does no damage. 😱 HP[-11]
You take 11 damage, and now have 10/161 hp.
You sock the merfolk javelineer with the +10 morningstar "Eos"!
Lightning courses through the merfolk javelineer!
You sock the merfolk javelineer with the +7 flail "Garch"!
You burn the merfolk javelineer.
The merfolk javelineer throws a javelin.
The javelin pierces through you but does no damage. 😱 HP[+1] Unknown command.
You thump the merfolk javelineer with the +10 morningstar "Eos"!
You sock the merfolk javelineer with the +7 flail "Garch"!
You burn the merfolk javelineer.
You kill the merfolk javelineer!
Okawaru accepts your kill.
You hear a splash. x3
The merfolk closely misses you.
Unknown command.
You hit the merfolk but do no damage.
You hit the merfolk with the +7 flail "Garch".
You burn the merfolk.
The merfolk barely misses you. 😱 HP[+1] Unknown command.
You hit the merfolk with the +10 morningstar "Eos".
Lightning courses through the merfolk!
You sock the merfolk with the +7 flail "Garch"!
You burn the merfolk.
The merfolk throws a boomerang.
The boomerang misses you.
The merfolk misses you. 😱 HP[+1] Unknown command.
You impale the merfolk with the +10 morningstar "Eos"!!
You kill the merfolk!
Okawaru accepts your kill.
You hear a splash. x2
The merfolk barely misses you.
The merfolk misses you. 😱 HP[+1] Unknown command.
The merfolk hits you with a +0 trident!
* * * LOW HITPOINT WARNING * * *
The merfolk hits you with a +0 trident!
You die...

Skill      XL: |  1  2  3  4  5  6  7  8  9 10 11 12 13 14 15 16 17 18 19 |
---------------+----------------------------------------------------------+-----
Armour         | 1 2 3 4 5 7 9 10 11 12 13 14 15 16 18 | 18.2
Invocations    | 1 2 3 5 7 |  7.0
Axes           | 4 5 7 |  7.0
Maces & Flails | 1 5 7 8 11 12 13 15 16 | 16.5
Evocations     | 1 7 10 11 | 11.0
Fighting       | 5 9 11 13 14 16 17 | 17.0
Dodging        | 6 |  6.4
Throwing       | 3 |  3.0

Action                     |  1- 3 |  4- 6 |  7- 9 | 10-12 | 13-15 | 16-18 | 19-21 || total
---------------------------+-------+-------+-------+-------+-------+-------+-------++-------
  Melee: War axe           |    51 |   125 |   113 |   101 |       |       |       ||   390
         Flail             |       |    55 |   125 |   314 |   572 |   418 |   211 ||  1695
         Morningstar       |       |       |       |   238 |   601 |   561 |   342 ||  1742
         Eveningstar       |       |       |       |       |       |   123 |   104 ||   227
  Throw: Throwing net      |       |     2 |       |     2 |       |       |       ||     4
 Invoke: Heroism           |       |       |       |     3 |    15 |     7 |     2 ||    27
         Finesse           |       |       |       |     2 |     3 |     5 |     1 ||    11
         Receive Armour    |       |       |       |       |     1 |       |       ||     1
         Receive Weapon    |       |       |       |       |     1 |       |       ||     1
         Duel              |       |       |       |       |       |     1 |       ||     1
  Evoke: Wand              |       |       |       |     6 |     3 |    27 |     8 ||    44
    Use: Scroll            |       |     9 |     4 |    15 |     4 |    16 |     7 ||    55
         Potion            |       |     5 |     1 |     9 |     3 |     9 |     3 ||    30
   Stab: Held in net/web   |       |     1 |       |     1 |       |       |       ||     2
         Sleeping          |       |     1 |     1 |     1 |       |       |       ||     3
         Invisible         |       |       |     5 |     8 |       |       |       ||    13
         Distracted        |       |       |     1 |     1 |     1 |     1 |       ||     4
         Fleeing           |       |       |       |       |       |     1 |       ||     1
 Armour: Leather armour    |    37 |   104 |     3 |       |       |       |       ||   144
         Chain mail        |       |       |    31 |       |   842 |  1005 |   564 ||  2442
         Acid dragon scale |       |       |    66 |   361 |    96 |       |       ||   523
  Dodge: Dodged            |    63 |   109 |    88 |   346 |   599 |   437 |   321 ||  1963

Levels and vault maps discovered:
D:1:      dpeg_arrival_morbid_curiosity, layout_basic,
          shapermc_ecumenical_altar_notcrosses
D:2:      layout_loops_ring, grunt_ministairs_13, uniq_robin,
          uniq_crazy_yiuf_cottage
D:3:      minmay_octagon_keep, layout_basic, grunt_ministairs_6, chequers_jeans,
          minmay_starry_boxes
D:4:      layout_basic, kennysheep_mini_moat
D:5:      layout_basic, nicolae_nh_ransacked_shop
D:6:      minmay_spotlight, layout_basic, serial_shops,
          nicolae_shop_just_a_little_nook, uniq_pikel, uniq_jeremiah,
          uniq_maggie
D:7:      layout_cave_pools, minmay_temple_entry_drinking_statues,
          enter_bailey_2, serial_shops, nicolae_shop_rolled_up,
          minmay_the_grid_2x2 [minmay_the_grid_box_x,
          minmay_the_grid_diamond_grid, minmay_the_grid_minigrid_small,
          minmay_the_grid_prize_inner_circle]
D:8:      layout_cave_pools, gammafunk_temple_overflow_wave, lair_entry_dummy,
          dk_rats_in_the_wall, uniq_maurice
D:9:      layout_cave_pods, serial_gnoll_camp, gnoll_camp_mini_hut,
          gnoll_camp_mini_hut, gnoll_camp_mini_shop, gnoll_camp_mini_basic
D:10:     minmay_opposing_rooms, layout_loops_corners, minitemple
D:11:     bobbens_index_wilting_gardens, layout_stronghold,
          kennysheep_orc_monster_closet_entryway, portal_ice_cave_demonic_guard
D:12:     minmay_expanding_squares, layout_loops_cross, special_room
          [special_room_orc]
D:13:     layout_stronghold, uniq_rupert
D:14:     layout_rooms, hangedman_vaults_entry_quadrant_bands,
          minmay_fountain_box
D:15:     gammafunk_enter_depths_forms, layout_loops_corners,
          fiery_altar_vehumet, uniq_josephine, uniq_jorgrun
Temple:   compressed_dpeg_triangle_lava_temple
Lair:1:   layout_concentric_octagons, st_stairs_11
Lair:2:   layout_chaotic_city, elwin_shoals_entry_rocks, nzn_sisyphean_effort
Lair:3:   layout_roguey, dummy_spider_entry, gammafunk_ghost_abyssal_escape
Lair:4:   layout_cave_pods, slime_entry_1, dreamdust_mushroom_princess,
          st_stairs_4, grunt_megastairs_4
Lair:5:   hangedman_lair_caniforms_friends, layout_layer_cave, wormcave,
          uniq_snorg
Shoals:1: layout_shoals, serial_shops, shop
Shoals:2: layout_shoals, nicolae_shop_unique_rings
Shoals:3: layout_shoals, serial_shops, nicolae_lakefront_shop
Shoals:4: shoals_end_hellmonk_lost_city
Orc:1:    layout_caves, gammafunk_ghost_wrathful_warriors
Orc:2:    st_orc_rangers, layout_caves, serial_shops,
          nicolae_shop_pleasant_corner_grove
Elf:1:    nicolae_elf_arrival_no_cutting_in_line, layout_loops_ring,
          gammafunk_ghost_tricky_traps, serial_shops, nicolae_shop_behind_doors,
          nicolae_elf_crossing_hall
Elf:2:    elven_hall_of_blades_hangedman_original [grunt_blade_entry_basic],
          layout_geoelf_diagonals
Elf:3:    grunt_elf_hall_diamonds, layout_geoelf_octagon, guppyfry_elf_garden

Notes
Turn   | Place    | Note
-------+----------+-------------------------------------------
     0 | D:1      | ytrimaz the Coglin Gladiator began the quest for the Orb.
     0 | D:1      | Reached XP level 1. HP: 16/16 MP: 1/1
     0 | D:1      | magus.rc [v1.9.6]
   172 | D:1      | Reached XP level 2. HP: 22/22 MP: 2/2
   176 | D:1      | Reached skill level 1 in Armour
   221 | D:1      | Reached XP level 3. HP: 20/27 MP: 3/3
   343 | D:1      | Reached skill level 1 in Invocations
   412 | D:1      | Found a faded altar of an unknown god.
   520 | D:1      | Reached XP level 4. HP: 33/33 MP: 4/4
   809 | D:2      | Noticed Robin
   815 | D:2      | HP: 8/33 [hobgoblin[Robin] (5)]
   816 | D:2      | Reached skill level 2 in Armour
   817 | D:2      | HP: 3/33 [goblin/+0 dagger[Robin] (3)]
   829 | D:2      | HP: 7/28 [Robin/+0 dagger of draining (1)]
   831 | D:2      | Killed Robin
   831 | D:2      | HP: 3/27 [hobgoblin[Robin] (1)]
   832 | D:2      | Reached skill level 4 in Axes
   948 | D:2      | You pick up a book of Spontaneous Combustion and begin
                  | reading...
   948 | D:2      | You add the spells Inner Flame, Irradiate and Ignition to
                  | your library.
  1020 | D:2      | You pick up a book of Blasting and begin reading...
  1020 | D:2      | You add the spells Volatile Blastmotes, Fulminant Prism and
                  | Iskenderun's Mystic Blast to your library.
  1101 | D:2      | Reached XP level 5. HP: 34/34 MP: 6/6
  1628 | D:2      | Found a runed translucent door.
  1629 | D:2      | Noticed Crazy Yiuf
  1957 | D:3      | Reached skill level 2 in Invocations
  1968 | D:3      | Identified the +7 flail "Garch" {flame, Will++}
  2395 | D:3      | Reached XP level 6. HP: 44/44 MP: 7/7
  2413 | D:3      | You pick up a book of Vapours and begin reading...
  2413 | D:3      | You add the spells Mercury Vapours, Mephitic Cloud and
                  | Freezing Cloud to your library.
  2435 | D:3      | You pick up a book of Conjurations and begin reading...
  2435 | D:3      | You add the spells Magic Dart and Searing Ray to your
                  | library.
  2511 | D:3      | Reached skill level 3 in Armour
  3034 | D:4      | Reached skill level 5 in Axes
  3171 | D:4      | Reached skill level 3 in Invocations
  3171 | D:4      | Reached XP level 7. HP: 50/50 MP: 9/9
  3704 | D:4      | You pick up a book of Touch and begin reading...
  3704 | D:4      | You add the spells Kiss of Death, Confusing Touch and
                  | Dispel Undead to your library.
  3709 | D:4      | Found a shimmering blue altar of Sif Muna.
  3957 | D:5      | Entered Level 5 of the Dungeon
  4099 | D:5      | Reached skill level 4 in Armour
  4461 | D:5      | Reached XP level 8. HP: 56/56 MP: 10/10
  4568 | D:5      | Reached skill level 6 in Axes
  4728 | D:6      | Reached skill level 4 in Invocations
  4761 | D:6      | Noticed Maggie
  4771 | D:6      | HP: 14/56 [Maggie/bolt of fire (4)]
  4773 | D:6      | Killed Maggie
  4774 | D:6      | Reached skill level 5 in Armour
  4927 | D:6      | Noticed Pikel
  4933 | D:6      | Found Epenig's Jewellery Shop.
  4939 | D:6      | Killed Pikel
  4940 | D:6      | Reached skill level 7 in Axes
  4940 | D:6      | Reached skill level 5 in Invocations
  4940 | D:6      | Reached XP level 9. HP: 37/61 MP: 11/13
  5082 | D:6      | Reached skill level 6 in Armour
  5212 | D:6      | Noticed Jeremiah
  5217 | D:6      | Killed Jeremiah
  5315 | D:6      | Reached skill level 6 in Invocations
  5463 | D:7      | Noticed a troll
  5466 | D:7      | Killed a troll
  5474 | D:7      | Reached skill level 7 in Armour
  5512 | D:7      | Reached skill level 7 in Invocations
  5555 | D:7      | Reached skill level 1 in Maces & Flails
  5560 | D:7      | Found a flagged portal.
  5574 | D:7      | Found a staircase to the Ecumenical Temple.
  5581 | Temple   | Entered the Ecumenical Temple
  5599 | Temple   | Became a worshipper of Warmaster Okawaru
  5640 | Bailey   | Entered a bailey
  5645 | Bailey   | Noticed an orc warlord
  5670 | Bailey   | Reached skill level 1 in Evocations
  5676 | Bailey   | Reached XP level 10. HP: 42/67 MP: 15/15
  5686 | Bailey   | Reached skill level 2 in Maces & Flails
  5686 | Bailey   | Reached skill level 2 in Evocations
  5804 | Bailey   | Found a runed translucent gate.
  5820 | Bailey   | Found a runed translucent gate.
  5822 | Bailey   | Found a runed translucent gate.
  5843 | Bailey   | Reached skill level 3 in Evocations
  6326 | D:7      | Acquired 827 gold pieces
  6401 | D:6      | Bought the ring "Cull" {rElec rN+ AC+4} for 758 gold pieces
  6485 | D:7      | Found Kipn's Magic Scroll Emporium.
  6612 | D:7      | Reached skill level 8 in Armour
  6637 | D:7      | Reached * piety under Okawaru
  6680 | D:7      | Reached skill level 3 in Maces & Flails
  6691 | D:7      | Reached skill level 4 in Evocations
  6713 | D:7      | Noticed a manticore
  6720 | D:7      | Killed a manticore
  6720 | D:7      | Reached ** piety under Okawaru
  6729 | D:7      | Noticed a boulder beetle
  6733 | D:7      | HP: 11/67 [boulder beetle (11)]
  6749 | D:7      | Reached skill level 5 in Evocations
  6764 | D:7      | Killed a boulder beetle
  6765 | D:7      | Reached skill level 4 in Maces & Flails
  6765 | D:7      | Reached skill level 6 in Evocations
  6768 | D:7      | You pick up a book of Burglary and begin reading...
  6768 | D:7      | You add the spells Ensorcelled Hibernation, Swiftness and
                  | Passwall to your library.
  6786 | D:7      | Identified the amulet "Soben" {rPois Will+ Regen+ Str-3
                  | Dex+3}
  7054 | D:8      | Reached *** piety under Okawaru
  7115 | D:8      | Reached skill level 9 in Armour
  7158 | D:8      | Noticed a two-headed ogre
  7163 | D:8      | Killed a two-headed ogre
  7164 | D:8      | Reached skill level 5 in Maces & Flails
  7164 | D:8      | Reached skill level 7 in Evocations
  7164 | D:8      | Reached XP level 11. HP: 48/72 MP: 16/16
  7214 | D:8      | Found a staircase to the Lair.
  7325 | D:8      | Noticed Maurice
  7335 | D:8      | Maurice stole a ring of protection from fire
  7337 | D:8      | Killed Maurice
  7534 | D:8      | Found a hide-covered altar of Uskayaw.
  7534 | D:8      | Found an ancient bone altar of Kikubaaqudgha.
  7587 | D:7      | Bought a scroll of acquirement for 624 gold pieces
  7588 | D:7      | Acquired the +10 morningstar "Eos" {elec, Halo rElec}
  7588 | D:7      | Found the +10 morningstar "Eos" {elec, Halo rElec}
  7690 | D:9      | Reached **** piety under Okawaru
  7835 | D:9      | Reached skill level 8 in Evocations
  7905 | D:9      | Reached skill level 6 in Maces & Flails
  8125 | D:9      | You fall into a shaft and drop 2 floors!
  8432 | D:11     | Reached skill level 9 in Evocations
  8451 | D:11     | Reached skill level 10 in Armour
  8546 | D:11     | Reached ***** piety under Okawaru
  8558 | D:11     | Found a frozen archway.
  8565 | D:11     | HP: 10/72 [ice devil (14)]
  8733 | D:10     | Entered Level 10 of the Dungeon
  8983 | D:10     | Noticed a salamander
  8984 | D:10     | a salamander changed into a golden eye
  8992 | D:10     | Reached skill level 7 in Maces & Flails
  9010 | D:10     | Reached skill level 10 in Evocations
  9013 | D:10     | Reached XP level 12. HP: 78/78 MP: 15/17
  9596 | D:10     | Found a snail-covered altar of Cheibriados.
  9597 | D:10     | Found a bloodstained altar of Trog.
  9611 | D:10     | Found a shadowy altar of Dithmenos.
  9867 | D:9      | Found Vyen's Antique Weapon Boutique.
 10235 | D:11     | Reached skill level 3 in Fighting
 10436 | D:11     | Reached skill level 11 in Evocations
 10439 | D:11     | Reached skill level 8 in Maces & Flails
 10456 | D:11     | Reached skill level 4 in Fighting
 10465 | D:11     | Reached skill level 11 in Armour
 10542 | D:11     | Received a gift from Okawaru
 10638 | D:11     | Reached skill level 5 in Fighting
 10739 | D:11     | Identified the staff "Acarine's Curse" {rPois Str-2 Conj
                  | Hexes}
 10891 | D:11     | You pick up a book of Displacement and begin reading...
 10891 | D:11     | You add the spells Lesser Beckoning, Gell's Gravitas and
                  | Teleport Other to your library.
 10949 | D:11     | Found a staircase to the Orcish Mines.
 11007 | D:12     | Noticed a boulder beetle
 11011 | D:12     | Reached XP level 13. HP: 93/93 MP: 18/18
 11014 | D:12     | Reached skill level 6 in Fighting
 11014 | D:12     | Reached skill level 9 in Maces & Flails
 11021 | D:12     | Received a gift from Okawaru
 11069 | D:12     | Noticed a storm dragon
 11078 | D:12     | Killed a storm dragon
 11083 | D:12     | Reached skill level 7 in Fighting
 11083 | D:12     | Reached skill level 12 in Armour
 11084 | D:12     | HP: 23/96 [gargoyle/+0 dire flail (21)]
 11085 | D:12     | HP: 8/96 [gargoyle/stone arrow (15)]
 11091 | D:11     | HP: 7/96 [gargoyle/+0 dire flail (12)]
 11300 | D:12     | Identified the +1 robe of the Freezing God {rElec MP+9
                  | Str+2 Dex-2}
 11334 | D:12     | Reached ****** piety under Okawaru
 11338 | D:12     | Received a gift from Okawaru
 11352 | D:12     | Reached skill level 10 in Maces & Flails
 11363 | D:12     | Acquired the +8 chain mail of Pessimism {^Drain rElec Will+
                  | Stlth+}
 11363 | D:12     | Received a gift from Okawaru
 11484 | D:12     | Reached skill level 8 in Fighting
 11719 | D:12     | Received a gift from Okawaru
 11734 | D:12     | Found a roughly hewn altar of Beogh.
 12119 | D:12     | You pick up a book of Dangerous Friends and begin
                  | reading...
 12121 | D:12     | You pick up a book of the Moon and begin reading...
 12121 | D:12     | You add the spells Passage of Golubria, Silence and
                  | Lehudib's Crystal Spear to your library.
 12228 | D:13     | Reached skill level 9 in Fighting
 12496 | D:13     | Reached skill level 11 in Maces & Flails
 12515 | D:13     | Reached XP level 14. HP: 108/108 MP: 19/19
 12819 | D:13     | Received a gift from Okawaru
 12933 | D:13     | Acquired a +2 broad axe of electrocution
 12933 | D:13     | Received a gift from Okawaru
 13043 | D:13     | Noticed Rupert
 13054 | D:13     | Killed Rupert
 13363 | D:14     | Reached skill level 10 in Fighting
 13498 | D:14     | Received a gift from Okawaru
 13591 | D:14     | Found a gate to the Vaults.
 13885 | D:15     | Entered Level 15 of the Dungeon
 14161 | D:15     | Found a radiant altar of Vehumet.
 14225 | D:15     | Received a gift from Okawaru
 14404 | D:15     | Noticed Josephine
 14410 | D:15     | Reached skill level 12 in Maces & Flails
 14420 | D:15     | Killed Josephine
 14683 | D:15     | Noticed a purple very ugly thing
 14687 | D:15     | Reached skill level 13 in Armour
 14694 | D:15     | Killed a cyan very ugly thing
 14695 | D:15     | Reached skill level 11 in Fighting
 14733 | D:15     | Found a staircase to the Depths.
 14821 | D:15     | Noticed Jorgrun
 14837 | D:15     | HP: 23/113 [ogre/+0 giant spiked club (16)]
 14842 | D:15     | Killed Jorgrun
 14843 | D:15     | Reached XP level 15. HP: 63/119 MP: 14/20
 14854 | D:15     | Received a gift from Okawaru
 15317 | D:7      | Bought a scroll of acquirement for 624 gold pieces
 15326 | D:7      | Acquired 1010 gold pieces
 15490 | Orc:1    | Entered Level 1 of the Orcish Mines
 15618 | Orc:2    | Entered Level 2 of the Orcish Mines
 15711 | Orc:2    | HP: 40/180 [orc warrior/+0 broad axe (6)]
 15727 | Orc:2    | HP: 27/120 [orc warrior/boomerang (8)]
 15732 | Orc:2    | HP: 27/120 [orc warrior/boomerang (9)]
 15958 | Orc:2    | Found a staircase to the Elven Halls.
 16152 | Orc:2    | Reached skill level 12 in Fighting
 16173 | Orc:2    | Found Qilipaass's Weapon Boutique.
 16173 | Orc:2    | Found Weolef's Distillery.
 16175 | Orc:2    | Found Kemor's Antique Armour Shoppe.
 16177 | Orc:2    | Found Kipleof's Distillery.
 16303 | Orc:2    | Found Unkidd's Assorted Antiques.
 16494 | Orc:1    | Noticed an orc warlord
 16713 | Lair:1   | Entered Level 1 of the Lair of Beasts
 16743 | Lair:1   | You pick up a book of the Tundra and begin reading...
 16829 | Lair:1   | Reached skill level 13 in Maces & Flails
 17248 | Lair:1   | You add the spells Sting and Olgreb's Toxic Radiance to
                  | your library.
 17366 | Lair:2   | Received a gift from Okawaru
 17375 | Lair:2   | Reached skill level 14 in Armour
 17579 | Lair:2   | You pick up a book of Cantrips and begin reading...
 17579 | Lair:2   | You add the spells Necrotise and Apportation to your
                  | library.
 17872 | Lair:2   | Found a staircase to the Shoals.
 18254 | Lair:3   | Found a hole to the Spider Nest.
 18283 | Lair:3   | Found a transporter.
 18286 | Lair:3   | Found a transporter.
 18303 | Lair:3   | Noticed Strat's ghost (journeyman GnCK)
 18385 | Lair:3   | Found a one-way gate to the infinite horrors of the Abyss.
 18778 | Lair:4   | Received a gift from Okawaru
 18965 | Lair:4   | Found a viscous altar of Jiyva.
 19182 | Lair:4   | Reached skill level 13 in Fighting
 19251 | Lair:4   | You pick up a book of Storms and begin reading...
 19251 | Lair:4   | You add the spells Static Discharge and Airstrike to your
                  | library.
 19358 | Lair:4   | Received a gift from Okawaru
 19437 | Lair:4   | Found a staircase to the Slime Pits.
 19776 | Lair:5   | Entered Level 5 of the Lair of Beasts
 19780 | Lair:5   | Reached XP level 16. HP: 130/130 MP: 21/21
 20085 | Lair:5   | Noticed Snorg
 20098 | Lair:5   | Killed Snorg
 20281 | Lair:5   | Reached skill level 14 in Maces & Flails
 20543 | Lair:5   | Received a gift from Okawaru
 20625 | Lair:5   | You pick up a book of the Warp and begin reading...
 20625 | Lair:5   | You add the spells Manifold Assault, Dispersal and
                  | Disjunction to your library.
 20705 | Lair:5   | Reached skill level 15 in Armour
 21143 | Lair:5   | Identified the +3 leather armour "Kegronu" {Fly rN+ Will+
                  | Str-4}
 21869 | Lair:3   | Reached skill level 14 in Fighting
 21897 | Lair:3   | Identified a potion of experience
 21898 | Lair:3   | Reached skill level 15 in Maces & Flails
 21898 | Lair:3   | Reached XP level 17. HP: 122/139 MP: 22/22
 22122 | Elf:1    | Entered Level 1 of the Elven Halls
 22143 | Elf:1    | Received a gift from Okawaru
 22264 | Elf:1    | Found Pelisk's Book Shoppe.
 22409 | Elf:1    | Found a runed translucent gate.
 22409 | Elf:1    | Found a runed translucent gate.
 22409 | Elf:1    | Found a runed translucent gate.
 22413 | Elf:1    | Noticed n00bmints's ghost (journeyman MiBe)
 22470 | Elf:1    | Paralysed by an air elemental for 1 turns
 22657 | Elf:1    | Paralysed by an air elemental for 1 turns
 22678 | Elf:1    | HP: 35/140 [burnt (2)]
 22683 | Elf:1    | HP: 31/140 [burnt (8)]
 22688 | Elf:1    | HP: 23/140 [burnt (6)]
 23081 | Elf:1    | Reached XP level 18. HP: 96/147 MP: 23/23
 23081 | Elf:1    | Received a gift from Okawaru
 23388 | Elf:1    | Identified the +1 pair of boots of the Hot Ocelot {rF+
                  | Int+4}
 23413 | Elf:1    | You add the spells Vhi's Electric Charge, Arcjolt and
                  | Maxwell's Capacitive Coupling to your library.
 23486 | Elf:2    | Paralysed by an air elemental for 1 turns
 23492 | Elf:2    | Reached skill level 15 in Fighting
 23492 | Elf:2    | Reached skill level 3 in Dodging
 23589 | Elf:2    | Reached skill level 16 in Armour
 23641 | Elf:2    | Found a runed translucent gate.
 23641 | Elf:2    | Found a runed translucent gate.
 23641 | Elf:2    | Found a runed translucent gate.
 23771 | Elf:2    | HP: 25/149 [deep elf knight/shard of ice (16)]
 23790 | Elf:2    | Reached skill level 4 in Dodging
 24056 | Elf:2    | Received a gift from Okawaru
 24383 | Elf:2    | Reached skill level 5 in Dodging
 24410 | Elf:2    | Identified the blade talisman "Mofuak Pion" {MP+9 Stlth+}
 24602 | Elf:3    | Entered Level 3 of the Elven Halls
 24697 | Elf:3    | Noticed a deep elf blademaster
 24700 | Elf:3    | Received a gift from Okawaru
 24707 | Elf:3    | Killed a deep elf blademaster
 25008 | Elf:3    | Noticed a deep elf blademaster
 25010 | Arena    | Entered the Arena
 25016 | Arena    | Killed a deep elf blademaster
 25028 | Elf:3    | Noticed a deep elf master archer
 25056 | Elf:3    | Reached skill level 6 in Dodging
 25169 | Elf:3    | Reached skill level 16 in Fighting
 25189 | Elf:3    | Noticed a Hell Sentinel
 25191 | Elf:3    | Noticed an Ice Fiend
 25191 | Elf:3    | HP: 33/151 [hell beast[a deep elf demonologist] (12)]
 25572 | Elf:3    | Received a gift from Okawaru
 25589 | Elf:3    | Noticed a deep elf master archer
 25593 | Elf:3    | Noticed a deep elf blademaster
 25593 | Elf:3    | Identified +0 gold dragon scales
 25595 | Elf:3    | Identified the ring of Amel {rPois Str+2 Int+4}
 25603 | Elf:3    | HP: 10/151 [deep elf master archer/arrow (29)]
 25607 | Elf:3    | Identified the +7 falchion "Qeptyuta" {protect, rCorr Str-4
                  | Dex+3 Stlth+}
 26040 | Elf:3    | Killed a deep elf blademaster
 26096 | Elf:3    | Reached XP level 19. HP: 158/158 MP: 24/24
 26105 | Elf:3    | Reached skill level 17 in Armour
 26349 | Elf:3    | You pick up a book of Sloth and begin reading...
 26349 | Elf:3    | You add the spells Frozen Ramparts, Leda's Liquefaction,
                  | Petrify and Metabolic Englaciation to your library.
 26366 | Elf:3    | Got the Notes on Glaciation and Transmogrification
 26369 | Elf:3    | Identified the +1 helmet "Rerat" {rPois}
 26441 | Elf:3    | You pick up a book of Ice and begin reading...
 26475 | Elf:3    | Got the Compilation of Meteoric Dislocation
 26685 | Elf:3    | Received a gift from Okawaru
 26833 | Elf:1    | Killed n00bmints's ghost
 27089 | Shoals:1 | Entered Level 1 of the Shoals
 27313 | Shoals:1 | HP: 38/159 [merfolk impaler/+5 trident of venom (8)]
 27317 | Shoals:1 | HP: 17/159 [poisoned by a merfolk impaler]
 27322 | Shoals:1 | HP: 14/159 [poisoned by a merfolk impaler]
 27333 | Shoals:1 | HP: 21/159 [merfolk/+0 trident (5)]
 27449 | Shoals:1 | You pick up a book of Armaments and begin reading...
 27867 | Shoals:1 | Received a gift from Okawaru
 27868 | Shoals:1 | Reached skill level 17 in Fighting
 27892 | Shoals:1 | Found Dotsytzu's Distillery.
 27902 | Shoals:1 | Bought a potion of heal wounds for 75 gold pieces
 27902 | Shoals:1 | Bought a potion of heal wounds for 75 gold pieces
 28257 | Shoals:2 | Found Sirera Fita's One-of-a-Kind Rings.
 28275 | Shoals:2 | Bought the ring "Umigodai" {Fly rElec rC++ Str+3 SInv} for
                  | 773 gold pieces
 28414 | Shoals:2 | You add the spells Borgnjor's Revivification and Death's
                  | Door to your library.
 29015 | Shoals:3 | HP: 30/161 [faun/+0 spear[a satyr] (17)]
 29022 | Shoals:3 | HP: 12/161 [faun/sling bullet[a satyr] (18)]
 29331 | Shoals:3 | Found Joitset's Armour Shoppe.
 29477 | Shoals:3 | Identified the +8 flail "Ultimatum" {holy, ^Contam rF+
                  | Dex+4}
 29501 | Shoals:3 | Reached skill level 16 in Maces & Flails
 29655 | Shoals:3 | Reached skill level 18 in Armour
 29979 | Shoals:3 | Received a gift from Okawaru
 30259 | Shoals:4 | Entered Level 4 of the Shoals
 30276 | Shoals:4 | Reached skill level 2 in Throwing
 30359 | Shoals:4 | HP: 38/161 [water nymph/the raging water (26)]
 30365 | Shoals:4 | HP: 28/161 [water nymph/the raging water (4)]
 30379 | Shoals:4 | HP: 25/161 [sea snake (10)]
 30379 | Shoals:4 | HP: 10/161 [sea snake (15)]
 30384 | Shoals:4 | HP: 28/161 [merfolk/+2 trident of flaming[a merfolk
                  | javelineer] (5)]
 30495 | Shoals:4 | HP: 39/161 [minotaur/javelin (10)]
 30496 | Shoals:4 | HP: 18/161 [poisoned by a sea snake]
 30501 | Shoals:4 | HP: 28/161 [poisoned by a sea snake]
 30507 | Shoals:4 | HP: 21/161 [minotaur/javelin (13)]
 30516 | Shoals:4 | Reached skill level 3 in Throwing
 30516 | Shoals:4 | HP: 23/161 [faun/sling bullet (10)]
 30523 | Shoals:4 | HP: 26/161 [merfolk javelineer/javelin (7)]
 30529 | Shoals:4 | HP: 23/161 [merfolk javelineer/javelin (11)]
 30532 | Shoals:4 | HP: 10/161 [merfolk/+0 trident[a merfolk javelineer] (13)]
 30538 | Shoals:4 | HP: 6/161 [merfolk/+0 trident[a merfolk javelineer] (11)]
 30538 | Shoals:4 | Mangled by a merfolk

Vanquished Creatures
  Jorgrun (D:15)
  Rupert (D:13)
  3 deep elf blademasters
  A deep elf master archer (Elf:3)
  A kraken (Shoals:3)
  A storm dragon (D:12)
  2 deep elf sorcerers (Elf:3)
  3 deep elf elementalists (Elf:3)
  A very ugly thing (D:15)
  The ghost of n00bmints the Bludgeoner, a journeyman MiBe of Trog (Elf:1)
  4 deep elf annihilators (Elf:3)
  6 deep elf demonologists (Elf:3)
  2 minotaurs (Shoals:4)
  2 deep elf death magi (Elf:3)
  Snorg (Lair:5)
  A merfolk impaler (Shoals:1)
  Josephine (D:15)
  4 merfolk javelineers
  A deep elf high priest (Elf:1)
  A fire dragon (Lair:5)
  2 rakshasas
  4 hydras
  2 great orbs of eyes
  2 ogre magi
  2 centaur warriors (D:13)
  2 merfolk aquamancers
  4 merfolk avatars (Shoals:1)
  8 boulder beetles
  28 dancing weapons
  A catoblepas (D:13)
  7 two-headed ogres
  6 satyrs
  A hell hog (Lair:5)
  4 orc high priests (Elf:1)
  5 tengu warriors
  A hell knight (D:12)
  14 deep elf knights
  An occultist (D:15)
  9 skysharks
  A skeletal warrior (D:11)
  A mana viper (shapeshifter) (D:15)
  10 sea snakes
  3 harpies (Shoals:2)
  Pikel (D:6)
  2 lindwurms (Lair:5)
  13 deep elf archers
  A harpy (shapeshifter) (D:13)
  29 deep elf pyromancers
  A necromancer (D:11)
  9 orc knights
  33 deep elf zephyrmancers
  7 cyclopes
  2 orc sorcerers
  11 manticores
  12 ugly things
  Maurice (D:8)
  14 fauns
  3 elephants (Lair:5)
  2 centaur zombies (D:11)
  5 merfolk sirens
  3 slime creatures
  A rust devil (Lair:3)
  3 kobold blastminers (Orc:2)
  7 torpor snails
  5 black mambas
  3 water nymphs
  2 gargoyles
  10 cane toads
  2 unseen horrors
  2 rime drakes
  Maggie (D:6)
  Jeremiah (D:6)
  13 komodo dragons
  A yaktaur (D:12)
  A kobold demonologist (D:12)
  2 ice devils (D:11)
  10 polar bears
  2 tengu conjurers (D:15)
  22 merfolk
  10 trolls
  3 tyrant leeches (Lair:5)
  5 wind drakes
  9 hornets
  2 raiju (Lair:5)
  20 blink frogs
  A dream sheep (Lair:5)
  10 snapping turtles
  3 meliai zombies (D:11)
  5 air elementals
  6 shadows
  4 wyverns
  8 water elementals
  68 yaks
  A ynoxinul (Lair:3)
  A spriggan (Lair:3)
  A fire elemental (Elf:1)
  A yak (shapeshifter) (D:10)
  7 vampires
  10 wraiths
  7 basilisks
  5 wargs
  A basilisk (shapeshifter) (D:14)
  3 steam dragons
  7 vampire mosquitoes
  2 acid dragons
  21 water moccasins
  15 hell hounds (Lair:5)
  49 orc warriors
  An ice beast (D:8)
  3 laughing skulls
  2 sky beasts
  12 black bears
  11 ogres
  A boggart (D:14)
  35 wolves
  29 centaurs
  A lemure (D:6)
  6 phantoms (D:11)
  8 kobold brigands
  16 bullfrogs
  2 scorpions
  6 earth elementals
  5 gnoll sergeants
  4 wights (D:11)
  12 killer bees
  6 howler monkeys
  2 bombardier beetles
  3 hounds
  2 jellies
  22 orc priests
  7 iguanas
  A gnoll bouda (D:9)
  A sleepcap (D:4)
  23 orc wizards
  Robin (D:2)
  8 adders
  4 gnolls
  2 shadow imps (D:7)
  2 dart slugs
  75 orcs
  13 ball pythons
  5 bats
  9 endoplasms
  2 giant cockroaches (D:3)
  21 goblins
  16 hobgoblins
  9 jackals
  24 kobolds
  7 quokkas
  5 frilled lizards
  3 rats (D:3)
  A tentacle (Shoals:3)
1106 creatures vanquished.

Vanquished Creatures (others)
  An eldritch tentacle (Elf:1)
  A deep elf zephyrmancer (Elf:3)
  A basilisk (D:12)
  A wolf (Lair:5)
  4 tentacles (Shoals:3)
8 creatures vanquished.

Grand Total: 1114 creatures vanquished

Table legend:
 A = Non-vault XP
 B = Vault XP
 C = Vault XP percentage of total XP
 D = Non-vault monster count
 E = Vault monster count
 F = Vault count percentage of total count
                 A         B        C        D         E       F
            +---------+---------+-------+---------+---------+-------
      Total |  176602 |  155323 |  46.8 |     620 |     487 |  44.0
            +---------+---------+-------+---------+---------+-------
        D:1 |      83 |       9 |   9.8 |      30 |       3 |   9.1
        D:2 |      16 |      63 |  79.7 |       6 |      13 |  68.4
        D:3 |     172 |     133 |  43.6 |      17 |      21 |  55.3
        D:4 |     254 |       0 |   0.0 |      20 |       0 |   0.0
        D:5 |     345 |     162 |  32.0 |       7 |       5 |  41.7
        D:6 |     351 |    1608 |  82.1 |      12 |       7 |  36.8
        D:7 |    1410 |    2677 |  65.5 |      15 |      19 |  55.9
        D:8 |    2000 |     533 |  21.0 |      14 |       1 |   6.7
        D:9 |    2398 |     262 |   9.8 |      25 |       8 |  24.2
       D:10 |    1130 |    1615 |  58.8 |       8 |      10 |  55.6
       D:11 |    1867 |   14450 |  88.6 |      13 |      83 |  86.5
       D:12 |    7179 |   11020 |  60.6 |      30 |      43 |  58.9
       D:13 |    7204 |    1861 |  20.5 |      17 |       1 |   5.6
       D:14 |    4864 |    4159 |  46.1 |      10 |      17 |  63.0
       D:15 |   12499 |    9045 |  42.0 |      22 |      12 |  35.3
     Lair:1 |    5346 |     988 |  15.6 |      22 |       3 |  12.0
     Lair:2 |    7383 |     828 |  10.1 |      28 |       1 |   3.4
     Lair:3 |    1660 |    2338 |  58.5 |       8 |       5 |  38.5
     Lair:4 |    7958 |    2922 |  26.9 |      36 |       8 |  18.2
     Lair:5 |   12046 |   18835 |  61.0 |      43 |      75 |  63.6
   Shoals:1 |   14384 |       0 |   0.0 |      26 |       0 |   0.0
   Shoals:2 |   10030 |       0 |   0.0 |      22 |       0 |   0.0
   Shoals:3 |   18839 |       0 |   0.0 |      35 |       0 |   0.0
   Shoals:4 |    9896 |    7021 |  41.5 |      20 |      12 |  37.5
      Orc:1 |    1084 |     122 |  10.1 |      13 |       1 |   7.1
      Orc:2 |    3372 |    6596 |  66.2 |      47 |      35 |  42.7
      Elf:1 |   12123 |   19343 |  61.5 |      22 |      29 |  56.9
      Elf:2 |   11875 |   22127 |  65.1 |      20 |      30 |  60.0
      Elf:3 |   18834 |   24101 |  56.1 |      32 |      23 |  41.8
     Bailey |       0 |     847 | 100.0 |       0 |      21 | 100.0
      Arena |       0 |    1658 | 100.0 |       0 |       1 | 100.0
            +---------+---------+-------+---------+---------+-------

Skill      XL: |  1  2  3  4  5  6  7  8  9 10 11 12 13 14 15 16 17 18 19 |
---------------+----------------------------------------------------------+-----
Armour         | 1 2 3 4 5 7 9 10 11 12 13 14 15 16 18 | 18.2
Invocations    | 1 2 3 5 7 |  7.0
Axes           | 4 5 7 |  7.0
Maces & Flails | 1 5 7 8 11 12 13 15 16 | 16.5
Evocations     | 1 7 10 11 | 11.0
Fighting       | 5 9 11 13 14 16 17 | 17.0
Dodging        | 6 |  6.4
Throwing       | 3 |  3.0

Action                     |  1- 3 |  4- 6 |  7- 9 | 10-12 | 13-15 | 16-18 | 19-21 || total
---------------------------+-------+-------+-------+-------+-------+-------+-------++-------
  Melee: War axe           |    51 |   125 |   113 |   101 |       |       |       ||   390
         Flail             |       |    55 |   125 |   314 |   572 |   418 |   211 ||  1695
         Morningstar       |       |       |       |   238 |   601 |   561 |   342 ||  1742
         Eveningstar       |       |       |       |       |       |   123 |   104 ||   227
  Throw: Throwing net      |       |     2 |       |     2 |       |       |       ||     4
 Invoke: Heroism           |       |       |       |     3 |    15 |     7 |     2 ||    27
         Finesse           |       |       |       |     2 |     3 |     5 |     1 ||    11
         Receive Armour    |       |       |       |       |     1 |       |       ||     1
         Receive Weapon    |       |       |       |       |     1 |       |       ||     1
         Duel              |       |       |       |       |       |     1 |       ||     1
  Evoke: Wand              |       |       |       |     6 |     3 |    27 |     8 ||    44
    Use: Scroll            |       |     9 |     4 |    15 |     4 |    16 |     7 ||    55
         Potion            |       |     5 |     1 |     9 |     3 |     9 |     3 ||    30
   Stab: Held in net/web   |       |     1 |       |     1 |       |       |       ||     2
         Sleeping          |       |     1 |     1 |     1 |       |       |       ||     3
         Invisible         |       |       |     5 |     8 |       |       |       ||    13
         Distracted        |       |       |     1 |     1 |     1 |     1 |       ||     4
         Fleeing           |       |       |       |       |       |     1 |       ||     1
 Armour: Leather armour    |    37 |   104 |     3 |       |       |       |       ||   144
         Chain mail        |       |       |    31 |       |   842 |  1005 |   564 ||  2442
         Acid dragon scale |       |       |    66 |   361 |    96 |       |       ||   523
  Dodge: Dodged            |    63 |   109 |    88 |   346 |   599 |   437 |   321 ||  1963

Illustrated notes

Table legend:
 A = Kills in this place as a percentage of kills in the entire game.
 B = Kills by you in this place as a percentage of kills by you in the entire game.
 C = Kills by friends in this place as a percentage of kills by friends in the entire game.
 D = Other kills in this place as a percentage of other kills in the entire game.
 E = Experience gained in this place as a percentage of experience gained in the entire game.
 F = Experience gained in this place divided by the number of levels of this place that you have seen.
                   A       B       C       D       E      F
               +-------+-------+-------+-------+-------+----------------------
         Total | 100.0 | 100.0 |   N/A | 100.0 | 100.0 | 10372.7
       Dungeon |  44.2 |  44.2 |   N/A |  33.3 |  26.9 | 5957.9
          Lair |  20.7 |  20.7 |   N/A |  33.3 |  18.2 | 12060.8
        Shoals |  10.4 |  10.4 |   N/A |   0.0 |  18.1 | 15042.5
  Orcish Mines |   8.7 |   8.7 |   N/A |   0.0 |   3.4 | 5587.0
   Elven Halls |  14.1 |  14.0 |   N/A |  33.3 |  32.7 | 36134.3
        Bailey |   1.9 |   1.9 |   N/A |   0.0 |   0.3 | 847.0
         Arena |   0.1 |   0.1 |   N/A |   0.0 |   0.5 | 1658.0
               +-------+-------+-------+-------+-------+----------------------

Table legend: (Time is in decaauts)
 A = Elapsed time spent in this place.
 B = Non-inter-level travel time spent in this place.
 C = Inter-level travel time spent in this place.
 D = Time resting spent in this place.
 E = Time spent auto-exploring this place.
 F = Levels seen in this place.
 G = Mean time per level.
                   A        B        C        D        E       F      G
               +--------+--------+--------+--------+--------+-----+--------+
         Total |  31702 |  29043 |   2659 |   1623 |  20391 |  32 |  990.7 |
       Dungeon |  16146 |  14216 |   1930 |     89 |  10978 |  15 | 1076.4 |
        Temple |     37 |     37 |      0 |      0 |      0 |   1 |   37.0 |
          Lair |   5199 |   4867 |    332 |      7 |   3829 |   5 | 1039.8 |
        Shoals |   3560 |   3461 |     99 |    300 |   2287 |   4 |  890.0 |
  Orcish Mines |   1159 |   1064 |     95 |    166 |    558 |   2 |  579.5 |
   Elven Halls |   4845 |   4643 |    202 |    912 |   2396 |   3 | 1615.0 |
        Bailey |    739 |    739 |      0 |    148 |    341 |   1 |  739.0 |
         Arena |     13 |     13 |      0 |      0 |      0 |   1 |   13.0 |
               +--------+--------+--------+--------+--------+-----+--------+

Top non-repeatable levels by time:
   Elf:3: 2242 daAuts
    D:11: 1909 daAuts
  Lair:5: 1777 daAuts
   Elf:1: 1418 daAuts
    D:10: 1386 daAuts
     D:9: 1276 daAuts
     D:3: 1247 daAuts
    D:15: 1246 daAuts
   Elf:2: 1185 daAuts
    D:13: 1139 daAuts
Shoals:3: 1109 daAuts
Shoals:2: 1093 daAuts
  Lair:4: 1093 daAuts
Shoals:1: 1086 daAuts
     D:4: 1058 daAuts
